 Dungeon Crawl Stone Soup version 0.30-a0-297-g0ec75d9ef4 (webtiles) character file.

Game seed: 16028029296524057713

1451 plokij the Slasher (level 8, -3/70 (71) HPs)
             Began as a Minotaur Fighter on Oct 19, 2022.
             Was an Elder of Okawaru.
             Slain by an ice beast (12 damage)
             ... on level 7 of the Dungeon.
             The game lasted 00:13:34 (5210 turns).

plokij the Slasher (Minotaur Fighter)               Turns: 5210, Time: 00:13:35

HP:   -3/70 (71)    AC: 14    Str: 21    XL:     8   Next: 47%
MP:   6/7           EV:  7    Int:  5    God:    Okawaru [****..]
Gold: 249           SH:  5    Dex: 12    Spells: 7/7 levels left

rFire   . . .      SeeInvis .    x - +0 scimitar
rCold   . . .      Faith    .    c - +0 buckler
rNeg    . . .      Spirit   .    y - +0 plate armour
rPois   .          Reflect  .    (helmet restricted)
rElec   .          Harm     .    (no cloak)
rCorr   .          Rampage  .    (no gloves)
Will    .....                    g - +0 pair of boots
Stlth   ..........               (no amulet)
HPRegen 0.31/turn                (no ring)
MPRegen 0.10/turn                (no ring)

@: lightly drained
A: horns 2, retaliatory headbutt
a: Renounce Religion, Heroism, Finesse


You were on level 7 of the Dungeon.
You worshipped Okawaru.
Okawaru was greatly pleased with you.
You visited 2 branches of the dungeon, and saw 7 of its levels.

You collected 249 gold pieces.

Inventory:

Hand Weapons
 u - a +2 arbalest of freezing
 v - the +12 dagger "Owoagges" {drain, Fly rF+ Will- Int+2}
   (You found it on level 5 of the Dungeon)

   A truly terrible weapon, it drains the life of any living foe it strikes.
   Int:       It affects your intelligence (+2).
   rF:        It protects you from fire.
   Fly:       It grants you flight.
   Will:      It decreases your willpower.
 x - a +0 scimitar (weapon)
Armour
 c - a +0 buckler (worn)
 g - a +0 pair of boots (worn)
 y - a +0 plate armour (worn)
 z - a +0 plate armour
Jewellery
 q - a ring of magical power
Scrolls
 f - 9 scrolls of identify {unknown}
 h - a scroll of summoning {unknown}
 i - 2 scrolls of magic mapping {unknown}
 j - a scroll of teleportation {unknown}
 k - 2 scrolls of immolation {unknown}
 m - a scroll of fear {unknown}
 o - 2 scrolls of noise {unknown}
 r - a scroll of poison {unknown}
 s - a scroll of fog {unknown}
 w - a scroll of enchant weapon {unknown}
Potions
 a - a potion of brilliance {unknown}
 d - a potion of might
 e - a potion of invisibility {unknown}
 l - a potion of flight
 p - 2 potions of attraction {unknown}
 t - a potion of heal wounds {unknown}


   Skills:
 + Level 6.3 Fighting
 + Level 6.7 Long Blades
 + Level 6.2 Armour
 * Level 5.5 Dodging
 + Level 6.3 Shields


You had 7 spell levels left.
You didn't know any spells.
Your spell library contained the following spells:

 Spells                   Type           Power      Damage    Failure   Level
 Blink                    Tloc           0%         N/A       100%        2
 Cigotuvi's Dreadful Rot  Necr/Pois/Air  0%         N/A       100%        2
 Poisonous Vapours        Pois/Air       0%         N/A       100%        2
 Mephitic Cloud           Conj/Pois/Air  0%         N/A       100%        3
 Dispel Undead            Necr           0%         3d6       100%        4
 Manifold Assault         Tloc           0%         N/A       100%        4
 Storm Form               Tmut/Air       0%         N/A       100%        7
 Death Channel            Necr           Unusable   N/A       N/A         6

Dungeon Overview and Level Annotations

Branches:
Dungeon (5/15)             Temple (1/1) D:4

Altars:
Ashenzari
Cheibriados
Elyvilon
Fedhas
Gozag
Hepliaklqana
Kikubaaqudgha
Makhleb
Nemelex Xobeh
Okawaru
Qazlal
Ru
Sif Muna
Trog
Uskayaw
Vehumet
Wu Jian
Xom
Yredelemnul
Zin
The Shining One

Shops:
D:4 (


Innate Abilities, Weirdness & Mutations

You have a pair of horns on your head.
You reflexively headbutt those who attack you in melee.


Message History

The ice beast freezes you.
* * * LOW HITPOINT WARNING * * *
You feel better. The ice beast completely misses you.
You hit the ice beast.
You headbutt the ice beast, but do no damage.
The ice beast is heavily wounded.
The ice beast hits you but does no damage.
You hit the ice beast.
The ice beast is heavily wounded.
The ice beast hits you but does no damage.
You hit the ice beast.
The ice beast is severely wounded.
You block the ice beast's attack.
You hit the ice beast but do no damage.
The ice beast is severely wounded.
You completely miss the ice beast.
You headbutt the ice beast, but do no damage.
The ice beast is severely wounded.
You block the ice beast's attack.
You barely miss the ice beast. Your headbutt misses the ice beast.
The ice beast is severely wounded.
The ice beast hits you.
* * * LOW HITPOINT WARNING * * *
The ice beast freezes you!
* * * LOW HITPOINT WARNING * * *
You hit the ice beast but do no damage.
The ice beast is severely wounded.
The ice beast hits you.
* * * LOW HITPOINT WARNING * * *
The ice beast freezes you!
* * * LOW HITPOINT WARNING * * *
You feel better.
The ice beast hits you but does no damage.
You hit the ice beast. Your headbutt misses the ice beast.
The ice beast is severely wounded.
You feel like a meek peon again. The ice beast hits you.
* * * LOW HITPOINT WARNING * * *
The ice beast freezes you!
You die...

..# .. #.#
.#.########.#####
../.... ......
#....####...###
#....#........#
#....#........#
###Y...#........+
#..@............#
#...............##..
#...........[..[...#
##...............(..#
#........#######....#
#....##### #....#
#....# #....#
######))..# #....#
#......)..# #....#


You could see an ice beast.

Vanquished Creatures
  Pikel (Temple)
  A water moccasin (D:5)
  A black bear (D:5)
  An ogre (D:5)
  A lemure (D:4)
  2 scorpions (D:5)
  6 wights (D:7)
  2 jellies (D:5)
  3 hounds
  An iguana (D:5)
  2 adders
  3 ufetubi
  3 worms
  4 dart slugs
  12 orcs
  5 endoplasms
  2 giant cockroaches
  6 goblins
  6 hobgoblins
  3 jackals (D:3)
  7 kobolds
  3 quokkas
  8 ball pythons
  4 bats
  2 frilled lizards (D:3)
  3 rats
92 creatures vanquished.

Notes
Turn   | Place    | Note
-------+----------+-------------------------------------------
     0 | D:1      | plokij the Minotaur Fighter began the quest for the Orb.
     0 | D:1      | Reached XP level 1. HP: 19/19 MP: 0/0
   192 | D:1      | Found a faded altar of an unknown god.
   274 | D:1      | Reached XP level 2. HP: 25/27 MP: 1/1
   867 | D:2      | Reached XP level 3. HP: 33/33 MP: 2/2
  1069 | D:2      | Reached skill level 1 in Dodging
  1823 | D:3      | Reached XP level 4. HP: 38/40 MP: 3/3
  2347 | D:4      | Noticed a +0 short sword
  2349 | D:4      | Noticed a +0 short sword
  2350 | D:4      | Noticed a +0 falchion
  2350 | D:4      | Noticed a +0 falchion
  2353 | D:4      | Noticed a +0 spear
  2353 | D:4      | Noticed a +0 dagger
  2356 | D:4      | Noticed a +0 dagger
  2357 | D:4      | Noticed a +0 spear
  2365 | D:4      | Found a hide-covered altar of Uskayaw.
  2448 | D:4      | Found Unni's Antique Weapon Shoppe.
  2560 | D:4      | Found a staircase to the Ecumenical Temple.
  2566 | Temple   | Entered the Ecumenical Temple
  2594 | Temple   | Became a worshipper of Warmaster Okawaru
  2932 | D:4      | Noticed a lemure
  3027 | D:4      | Noticed a lemure
  3080 | D:4      | HP: 1/41 [lemure[Pikel] (3)]
  3081 | D:4      | Killed a lemure
  3244 | D:4      | Noticed Pikel
  3244 | D:4      | Noticed a lemure
  3245 | D:4      | Noticed a lemure
  3270 | Temple   | Killed Pikel
  3270 | Temple   | Reached * piety under Okawaru
  3270 | Temple   | Reached ** piety under Okawaru
  3270 | Temple   | Reached *** piety under Okawaru
  3271 | Temple   | Reached skill level 5 in Fighting
  3271 | Temple   | Reached skill level 5 in Long Blades
  3271 | Temple   | Reached skill level 5 in Armour
  3271 | Temple   | Reached skill level 5 in Shields
  3271 | Temple   | Reached XP level 5. HP: 18/48 MP: 4/4
  3271 | Temple   | Reached XP level 6. HP: 21/56 MP: 5/5
  3271 | Temple   | Reached XP level 7. HP: 23/61 MP: 6/6
  4003 | D:5      | Entered Level 5 of the Dungeon
  4692 | D:5      | Reached XP level 8. HP: 38/70 MP: 7/7
  4811 | D:5      | Identified the +12 dagger "Owoagges" {drain, Fly rF+ Will-
                  | Int+2}
  4936 | D:5      | Reached **** piety under Okawaru
  4942 | D:5      | You fall into a shaft and drop 2 floors!
  4972 | D:7      | Reached skill level 5 in Dodging
  5208 | D:7      | HP: 1/70 [ice beast (7)]
  5210 | D:7      | Slain by an ice beast

Illustrated notes

Levels and vault maps discovered:
D:1:      wander_arrival_abandoned_jail, layout_loops_ring,
          basic_ecumenical_altar
D:2:      layout_loops_ring, kennysheep_boxes
D:3:      layout_basic, chequers_serial_rivers_small_3, roderic_lattice_a,
          glass_columns_c
D:4:      layout_loops_ring, nicolae_uskayaw_en_pointe,
          minmay_temple_entry_drinking_statues, serial_shops,
          kennysheep_mini_moat, uniq_pikel
D:5:      layout_basic
D:7:      layout_basic, kennysheep_mini
Temple:   nicolae_temple_bog_church

Skill      XL: |  1  2  3  4  5  6  7  8 |
---------------+-------------------------+-----
Long Blades    | 3 5 6 |  6.7
Fighting       | 4 5 6 |  6.3
Armour         | 4 5 6 |  6.2
Dodging        | 1 3 4 5 |  5.5
Shields        | 4 5 6 |  6.3

Action                   |  1- 3 |  4- 6 |  7- 9 || total
-------------------------+-------+-------+-------++-------
Melee: Long sword        |    84 |    63 |    73 ||   220
       Headbutt          |    19 |     7 |    23 ||    49
       Scimitar          |       |       |    29 ||    29
Invok: Heroism           |       |       |     1 ||     1
  Use: Potion            |       |     5 |     2 ||     7
Armor: Scale mail        |    31 |    39 |    27 ||    97
       Plate armour      |       |       |     5 ||     5
Dodge: Dodged            |    42 |    34 |    61 ||   137
Block: Buckler           |    19 |    26 |    20 ||    65

Table legend: (Time is in decaauts)
 A = Elapsed time spent in this place.
 B = Non-inter-level travel time spent in this place.
 C = Inter-level travel time spent in this place.
 D = Time resting spent in this place.
 E = Time spent auto-exploring this place.
 F = Levels seen in this place.
 G = Mean time per level.
                   A        B        C        D        E       F      G
               +--------+--------+--------+--------+--------+-----+--------+
         Total |   5270 |   4423 |    847 |    542 |   2943 |   7 |  752.9 |
       Dungeon |   4886 |   4109 |    777 |    417 |   2792 |   6 |  814.3 |
        Temple |    384 |    314 |     70 |    125 |    151 |   1 |  384.0 |
               +--------+--------+--------+--------+--------+-----+--------+

Top non-repeatable levels by time:
     D:4: 1453 daAuts
     D:5: 946 daAuts
     D:3: 840 daAuts
     D:1: 713 daAuts
     D:2: 664 daAuts
  Temple: 384 daAuts
     D:7: 269 daAuts
